 Dungeon Crawl Stone Soup version 0.31-a0-865-g3d5d91748a (webtiles) character file.

Game seed: 16540902184240014178

547 Azuregosa the Firebug (level 7, -1/51 HPs)
             Began as a Gnoll Fire Elementalist on Oct 10, 2023.
             Slain by Pikel
             ... wielding a +2 whip of electrocution
              (12 damage)
             ... on level 4 of the Dungeon.
             The game lasted 00:19:08 (3294 turns).

Azuregosa the Firebug (Gnoll Fire Elementalist)     Turns: 3294, Time: 00:19:08

Health: -1/51      AC:  3    Str:  7    XL:     7   Next: 28%
Magic:  0/5        EV: 13    Int: 24    God:
Gold:   331        SH:  6    Dex: 13    Spells: 7/17 levels left

rFire   x . .        o - +7 broad axe "Worm's Wrath" {antimagic, rC+ Int+4}
rCold   + + .        v - +2 buckler
rNeg    . . .        a - +0 robe
rPois   +            y - +0 helmet
rElec   .            (no cloak)
rCorr   .            (no gloves)
SInv    +            (no boots)
Will    ++...        (no amulet)
Stlth   +++          F - ring "Qaotti" {rPois rF- rC+ Will++ Int+4}
HPRegen 0.28/turn    p - ring of see invisible
MPRegen 0.09/turn

%: no passive effects
@: no status effects
A: fangs 1, strong nose, distributed training
a: no special abilities


You were on level 4 of the Dungeon.
You visited 1 branch of the dungeon, and saw 5 of its levels.

You collected 331 gold pieces.

Inventory:

Hand Weapons
 c - a +0 rapier
 e - a +0 falchion
 o - the +7 broad axe "Worm's Wrath" (weapon) {antimagic, rC+ Int+4}
   (You took it off Sigmund on level 2 of the Dungeon)

   Int+4:     It affects your intelligence (+4).
   rC+:       It protects you from cold.
Missiles
 j - 5 poisoned darts
Armour
 a - a +0 robe (worn)
 n - a +0 scale mail
 v - a +2 buckler (worn)
 y - a +0 helmet (worn)
Magical Staves
 E - a staff of death
Jewellery
 h - a +6 ring of intelligence
 p - a ring of see invisible (right hand)
 F - the ring "Qaotti" (left hand) {rPois rF- rC+ Will++ Int+4}
   (You found it on level 5 of the Dungeon)

   [ring of protection from cold]

   Int+4:     It affects your intelligence (+4).
   rF-:       It makes you vulnerable to fire.
   rC+:       It protects you from cold.
   rPois:     It protects you from poison Will++: It greatly increases your
   willpower.
Talismans
 g - a flux talisman
Wands
 C - a wand of paralysis (10)
Scrolls
 d - 8 scrolls of identify {unknown}
 f - a scroll of revelation {unknown}
 i - 2 scrolls of fear {unknown}
 m - a scroll of fog {unknown}
 q - 3 scrolls of poison {unknown}
 r - a scroll of enchant armour {unknown}
 w - a scroll of acquirement {unknown}
 G - a scroll of torment {unknown}
Potions
 b - a potion of magic
 k - 2 potions of lignification {unknown}
 l - a potion of mutation {unknown}
 s - 4 potions of brilliance {unknown}
 t - 2 potions of haste {unknown}
 u - a potion of cancellation {unknown}
 x - 2 potions of curing {unknown}
 z - a potion of enlightenment {unknown}
 A - a potion of degeneration {unknown}
 B - 2 potions of might {unknown}
 D - a potion of heal wounds {unknown}


   Skills:
 + Level 2.4 Fighting
 + Level 2.4 Short Blades
 + Level 2.4 Long Blades
 + Level 2.4 Axes
 + Level 2.4 Maces & Flails
 + Level 2.4 Polearms
 + Level 2.4 Staves
 + Level 2.4 Ranged Weapons
 + Level 2.4 Throwing
 + Level 2.4 Armour
 + Level 5.2 Dodging
 + Level 4.9 Stealth
 + Level 2.4 Shields
 + Level 2.4 Unarmed Combat
 + Level 5.6 Spellcasting
 + Level 2.9 Conjurations
 + Level 2.0 Hexes
 + Level 2.0 Summonings
 + Level 2.0 Necromancy
 + Level 2.0 Translocations
 + Level 2.0 Transmutations
 + Level 5.8 Fire Magic
 + Level 2.0 Ice Magic
 + Level 2.0 Air Magic
 + Level 2.0 Earth Magic
 + Level 2.0 Poison Magic
 + Level 2.7 Invocations
 + Level 2.4 Evocations
 + Level 2.2 Shapeshifting


You had 7 spell levels left.
You knew the following spells:

 Your Spells              Type           Power      Damage    Failure   Level
a - Foxfire               Conj/Fire      100%       2x1d9     2%          1
b - Scorch                Fire           68%        2d7       1%          2
c - Inner Flame           Hex/Fire       25%        N/A       9%          3
d - Volatile Blastmotes   Fire/Tloc      50%        2d14      9%          3
e - Apportation           Tloc           32%        N/A       6%          1

Your spell library contained the following spells:

 Spells                   Type           Power      Damage    Failure   Level
 Slow                     Hex            64%        N/A       6%          1
 Cigotuvi's Dreadful Rot  Necr/Pois/Air  32%        N/A       9%          2
 Sublimation of Blood     Necr           16%        N/A       9%          2
 Ignite Poison            Fire/Tmut/Pois 22%        N/A       11%         3
 Hailstorm                Conj/Ice       18%        3d6       14%         3
 Confusing Touch          Hex            16%        N/A       19%         3
 Gell's Gravitas          Tloc           16%        N/A       19%         3
 Sigil of Binding         Hex            16%        N/A       19%         3
 Tukima's Dance           Hex            16%        N/A       19%         3
 Vampiric Draining        Necr           16%        2d7       19%         3
 Flame Wave               Conj/Fire      27%        2d9       22%         4
 Animate Dead             Necr           16%        N/A       52%         4
 Dispel Undead            Necr           16%        3d10      52%         4
 Passage of Golubria      Tloc           16%        N/A       52%         4
 Summon Ice Beast         Ice/Summ       16%        N/A       52%         4
 Summon Forest            Summ/Tloc      8%         N/A       86%         5
 Yara's Violent Unravell  Hex/Tmut       8%         3d5       86%         5
 Death Channel            Necr           8%         N/A       100%        6
 Eringya's Noxious Bog    Tmut/Pois      8%         4d6       100%        6
 Simulacrum               Ice/Necr       8%         N/A       100%        6
 Haunt                    Necr/Summ      8%         N/A       100%        7
 Summon Hydra             Summ           8%         N/A       100%        7


Dungeon Overview and Level Annotations

Branches:
Dungeon (5/15)
 Temple: D:4-7

Altars:
Ashenzari
Kikubaaqudgha
Okawaru
Trog
Vehumet
Wu Jian

Shops:
D:3 (:=[:   D:5 :*

Annotations:
D:4 Pikel


Innate Abilities, Weirdness & Mutations

You have very sharp teeth.
Your uncanny sense of smell can sniff out nearby items.
Your experience applies equally to all skills.


Message History

Pikel is lightly wounded.
Pikel's fire resistance burns away.
You hear a shout!
Casting: Scorch (safe; 1% risk of failure)
Confirm with . or Enter, or press ? or * to list all spells.
Flames lash Pikel.
Pikel is burned terribly!
Pikel is lightly wounded.
Pikel attacks as he pursues you! You block Pikel's attack.
Pikel attacks as he pursues you!
Pikel hits you with a +2 whip of electrocution.
You are electrocuted!
Pikel is no longer more vulnerable to fire.
Pikel says, "I'm sure they'll be treated well, anyway."
There is an escape hatch in the ceiling here.
Okay, then.
Pikel closely misses you. A mysterious force pulls you upwards.
The hatch slams shut behind you.
Casting: Scorch (safe; 1% risk of failure)
Confirm with . or Enter, or press ? or * to list all spells.
Flames lash Pikel.
Pikel is moderately wounded.
Pikel's fire resistance burns away.
Pikel hits you with a +2 whip of electrocution!
You miss Pikel.
Pikel is moderately wounded.
Pikel closely misses you.
You barely miss Pikel. You bite Pikel, but do no damage.
Pikel is moderately wounded.
Pikel is no longer more vulnerable to fire.
Pikel barely misses you. You block Pikel's attack.
You barely miss Pikel.
Pikel is moderately wounded.
Pikel waves his whip at you.
Pikel hits you with a +2 whip of electrocution.
You are electrocuted!
* * * LOW HITPOINT WARNING * * *
Pikel attacks as he pursues you!
Pikel hits you with a +2 whip of electrocution!
You die...
Pikel says, "See you in Hell!"

### ### ###
#.###############.########.#
#..........@K..........†...#
#.########################.#
#.######### #..............#
######.........#
#.############..
.......#######.# #.#
#....#.# ###.##.### #.# #.#
#.##.#.# .........# #.# #.#
#####.##.#.# .#######.###
#.# #.# #......#.#.#
.#.....#...# #.# #.#
#....(.#....


You could see Pikel.

Vanquished Creatures
  Sigmund (D:2)
  A phantom (D:5)
  A scorpion (D:4)
  A hound (D:5)
  An iguana (D:5)
  2 orc wizards
  3 adders
  3 gnolls (D:4)
  3 dart slugs
  11 orcs
  4 ball pythons
  5 endoplasms
  3 giant cockroaches
  10 goblins
  6 hobgoblins
  4 jackals (D:5)
  5 quokkas
  4 bats
  4 frilled lizards
  3 kobolds
  7 rats
82 creatures vanquished.

Vanquished Creatures (others)
  A giant cockroach (D:3)
  3 foxfires
4 creatures vanquished.

Grand Total: 86 creatures vanquished

Notes
Turn   | Place    | Note
-------+----------+-------------------------------------------
     0 | D:1      | Azuregosa the Gnoll Fire Elementalist began the quest for
                  | the Orb.
     0 | D:1      | Reached XP level 1. HP: 13/13 MP: 6/6
   106 | D:1      | Reached XP level 2. HP: 12/19 MP: 7/7
   126 | D:1      | Learned a level 2 spell: Scorch
   292 | D:1      | Found a faded altar of an unknown god.
   547 | D:1      | Reached skill level 5 in Spellcasting
   547 | D:1      | Reached XP level 3. HP: 17/25 MP: 7/9
   631 | D:1      | Learned a level 3 spell: Inner Flame
   635 | D:1      | Learned a level 3 spell: Volatile Blastmotes
   933 | D:2      | HP: 1/25 [shot self (21)]
  1071 | D:2      | Identified the +7 broad axe "Worm's Wrath" {antimagic, rC+
                  | Int+4}
  1071 | D:2      | Noticed Sigmund
  1077 | D:2      | Killed Sigmund
  1078 | D:2      | Reached skill level 1 in Fighting
  1078 | D:2      | Reached skill level 1 in Short Blades
  1078 | D:2      | Reached skill level 1 in Long Blades
  1078 | D:2      | Reached skill level 1 in Axes
  1078 | D:2      | Reached skill level 1 in Maces & Flails
  1078 | D:2      | Reached skill level 1 in Polearms
  1078 | D:2      | Reached skill level 1 in Staves
  1078 | D:2      | Reached skill level 1 in Ranged Weapons
  1078 | D:2      | Reached skill level 1 in Throwing
  1078 | D:2      | Reached skill level 1 in Armour
  1078 | D:2      | Reached skill level 1 in Shields
  1078 | D:2      | Reached skill level 1 in Unarmed Combat
  1078 | D:2      | Reached skill level 1 in Hexes
  1078 | D:2      | Reached skill level 1 in Summonings
  1078 | D:2      | Reached skill level 1 in Necromancy
  1078 | D:2      | Reached skill level 1 in Translocations
  1078 | D:2      | Reached skill level 1 in Transmutations
  1078 | D:2      | Reached skill level 1 in Ice Magic
  1078 | D:2      | Reached skill level 1 in Air Magic
  1078 | D:2      | Reached skill level 1 in Earth Magic
  1078 | D:2      | Reached skill level 1 in Poison Magic
  1078 | D:2      | Reached skill level 1 in Invocations
  1078 | D:2      | Reached skill level 1 in Evocations
  1078 | D:2      | Reached skill level 1 in Shapeshifting
  1078 | D:2      | Reached XP level 4. HP: 22/33 MP: 1/11
  1078 | D:2      | Reached XP level 5. HP: 26/38 MP: 1/12
  1293 | D:2      | Got a faded book
  1533 | D:2      | Found an ornate altar of the Wu Jian Council.
  1664 | D:3      | Found Edinir's Jewellery Emporium.
  1679 | D:3      | Found Qistal's Book Boutique.
  1682 | D:3      | Found Pidil's Armour Shoppe.
  1758 | D:3      | Found a radiant altar of Vehumet.
  1794 | D:3      | Found Xifen's Book Emporium.
  1947 | D:3      | Found Wuzxest's Weapon Shop.
  1971 | D:3      | Reached XP level 6. HP: 39/44 MP: 4/13
  2011 | D:3      | Found a faded altar of an unknown god.
  2019 | D:3      | Found a bloodstained altar of Trog.
  2225 | D:4      | Got a well-preserved book
  2228 | D:4      | Learned a level 1 spell: Apportation
  2354 | D:4      | Found an ancient bone altar of Kikubaaqudgha.
  2406 | D:5      | Entered Level 5 of the Dungeon
  2571 | D:4      | Reached skill level 5 in Dodging
  2982 | D:5      | Found Xira's General Store.
  2988 | D:5      | Found Nehiaz's Book Shoppe.
  2988 | D:5      | Identified the ring "Qaotti" {rPois rF- rC+ Will++ Int+4}
  3009 | D:5      | Reached XP level 7. HP: 46/50 MP: 5/15
  3067 | D:5      | Found an iron altar of Okawaru.
  3212 | D:5      | Found a broken altar of Ashenzari.
  3223 | D:5      | Noticed Pikel
  3294 | D:4      | Slain by Pikel

Illustrated notes

Levels and vault maps discovered:
D:1:      dpeg_arrival_rooms_c, layout_basic, hellmonk_ecumenical_altar_zigzags
D:2:      layout_loops_cross, basic_altar, uniq_sigmund
D:3:      layout_rooms, fiery_altar_vehumet, nicolae_overflow_ecumenical_swirl,
          serial_shops, nicolae_shop_getting_attention, shop, shop,
          nicolae_shop_waterfront, shop
D:4:      layout_basic, amcnicky_altar_gilded
D:5:      layout_cave_pools, kennysheep_okawaru_gauntlet,
          nicolae_sif_muna_little_library, mainiacjoe_overflow_surrounded_room,
          mainiacjoe_overflow_boulevard, nicolae_uskayaw_suspiria, serial_shops,
          nicolae_shop_hallway_stairs, shop, shop_statue, nicolae_custom_books,
          st_stairs_8, uniq_pikel

Skill      XL: |  1  2  3  4  5  6  7 |
---------------+----------------------+-----
Conjurations   | 2 |  2.9
Spellcasting   | 5 |  5.6
Fighting       | 1 2 |  2.4
Short Blades   | 1 2 |  2.4
Long Blades    | 1 2 |  2.4
Axes           | 1 2 |  2.4
Maces & Flails | 1 2 |  2.4
Polearms       | 1 2 |  2.4
Staves         | 1 2 |  2.4
Ranged Weapons | 1 2 |  2.4
Throwing       | 1 2 |  2.4
Armour         | 1 2 |  2.4
Shields        | 1 2 |  2.4
Unarmed Combat | 1 2 |  2.4
Hexes          | 1 2 |  2.0
Summonings     | 1 2 |  2.0
Necromancy     | 1 2 |  2.0
Translocations | 1 2 |  2.0
Transmutations | 1 2 |  2.0
Ice Magic      | 1 2 |  2.0
Air Magic      | 1 2 |  2.0
Earth Magic    | 1 2 |  2.0
Poison Magic   | 1 2 |  2.0
Invocations    | 1 2 |  2.7
Evocations     | 1 2 |  2.4
Shapeshifting  | 1 2 |  2.2
Dodging        | 5 |  5.2
Stealth        | |  4.9
Fire Magic     | |  5.8

Action                     |  1- 3 |  4- 6 |  7- 9 || total
---------------------------+-------+-------+-------++-------
  Melee: Falchion          |    23 |     1 |       ||    24
         Rapier            |     5 |       |       ||     5
         Bite              |     3 |     8 |     4 ||    15
         Broad axe         |       |    88 |    30 ||   118
   Cast: Scorch            |    18 |       |     7 ||    25
         Foxfire           |     1 |     1 |       ||     2
         Inner Flame       |     1 |       |       ||     1
         Volatile Blastmot |     1 |       |       ||     1
         Apportation       |       |     2 |       ||     2
   Stab: Sleeping          |     5 |     3 |       ||     8
 Armour: Robe              |    20 |    44 |    25 ||    89
  Dodge: Dodged            |    12 |    60 |    32 ||   104
  Block: Buckler           |       |    28 |    11 ||    39

Table legend: (Time is in decaauts)
 A = Elapsed time spent in this place.
 B = Non-inter-level travel time spent in this place.
 C = Inter-level travel time spent in this place.
 D = Time resting spent in this place.
 E = Time spent auto-exploring this place.
 F = Levels seen in this place.
 G = Mean time per level.
                   A        B        C        D        E       F      G
               +--------+--------+--------+--------+--------+-----+--------+
         Total |   3366 |   3324 |     42 |    274 |   1787 |   5 |  673.2 |
       Dungeon |   3366 |   3324 |     42 |    274 |   1787 |   5 |  673.2 |
               +--------+--------+--------+--------+--------+-----+--------+

Top non-repeatable levels by time:
     D:1: 940 daAuts
     D:4: 748 daAuts
     D:2: 735 daAuts
     D:3: 605 daAuts
     D:5: 337 daAuts
